 Dungeon Crawl Stone Soup version 0.30-a0-219-gf2db51d15e (webtiles) character file.

Game seed: 3452605442194674893

72 KennySheep the Changer (level 4, 0/32 HPs)
             Began as a Barachi Transmuter on Oct 8, 2022.
             Slain by an adder (2 damage)
             ... on level 2 of the Dungeon.
             The game lasted 00:04:07 (1709 turns).

KennySheep the Changer (Barachi Transmuter)         Turns: 1709, Time: 00:04:08

Health: 0/32       AC:  3    Str: 12    XL:     4   Next: 25%
Magic:  4/7        EV: 12    Int: 15    God:
Gold:   64         SH:  0    Dex: 18    Spells: 0/7 levels left

rFire   . . .      SeeInvis .      - Unarmed
rCold   . . .      Faith    .    (no shield)
rNeg    . . .      Spirit   .    a - +0 robe
rPois   .          Reflect  .    (helmet currently unavailable)
rElec   .          Harm     .    e - +0 cloak
rCorr   .          Rampage  .    (no gloves)
Will    .....                    (boots currently unavailable)
Stlth   ++........               (no amulet)
HPRegen 0.25/turn                b - +6 ring of dexterity
MPRegen 0.10/turn                (no ring)

@: lethally poisoned (0 -> -5), appendages, wereblooded, slow
A: horns 2, talons 2, amphibious, slowness 1, strong legs 1, +LOS
a: Hop, End Transformation


You were on level 2 of the Dungeon.
You had temporarily grown beastly horns and talons.
You visited 1 branch of the dungeon, and saw 2 of its levels.

You collected 64 gold pieces.

Inventory:

Armour
 a - a +0 robe (worn)
 e - a +0 cloak (worn)
Jewellery
 b - a +6 ring of dexterity (left hand)
Scrolls
 f - a scroll of fog {unknown}
 g - a scroll of poison {unknown}
Potions
 c - a potion of curing
 d - a potion of invisibility {unknown}
 h - a potion of magic {unknown}
 i - a potion of haste {unknown}


   Skills:
 - Level 1.4 Fighting
 - Level 2.1 Dodging
 - Level 3.3 Unarmed Combat
 - Level 2.1 Spellcasting
 + Level 3.4 Transmutations
 + Level 3.2 Ice Magic


You couldn't memorise any spells.
You knew the following spells:

 Your Spells              Type           Power      Damage    Failure   Level
a - Beastly Appendage     Tmut           24%        N/A       5%          1
b - Wereblood             Tmut           12%        N/A       8%          2
c - Ice Form              Ice/Tmut       11%        N/A       50%         4

Your spell library contained the following spells:

 Spells                   Type           Power      Damage    Failure   Level
 Spider Form              Tmut/Pois      6%         N/A       32%         3


Dungeon Overview and Level Annotations

Branches:
Dungeon (2/15)

Altars:


Innate Abilities, Weirdness & Mutations

You have temporarily grown beastly horns and talons.
You are amphibious.
You cover ground slowly.
You can hop short distances.
You have an extended range of vision and can be seen from far away.


Message History

Confirm with . or Enter, or press ? or * to list all spells.
Your blood is infused with primal strength.
You feel sick. The adder bites you.
You closely miss the adder.
The adder is lightly wounded.
You feel sick. The adder closely misses you.
Casting: Wereblood (safe; 8% risk of failure)
Confirm with . or Enter, or press ? or * to list all spells.
Okay, then.
You grow a pair of large bovine horns.
Your feet morph into talons.
You feel sick. The adder bites you.
You are more poisoned.
The adder poisons you! The adder bites you.
You closely miss the adder. Your kick misses the adder.
Your headbutt misses the adder.
The adder is lightly wounded.
You feel sick.
A quokka comes into view.
The adder barely misses you.
You hit the adder but do no damage.
The adder is lightly wounded.
You feel sick. The adder bites you.
* * * LOW HITPOINT WARNING * * *
You closely miss the adder. You claw the adder. You headbutt the adder.
You punch the adder.
The adder is severely wounded.
You feel sick. The adder bites you but does no damage.
The quokka twitches its whiskers.
Okay, then.
You closely miss the adder.
The adder is severely wounded.
You feel sick. The adder bites you.
* * * LOW HITPOINT WARNING * * *
You are more poisoned.
The adder poisons you!
You hit the adder but do no damage.
The adder is severely wounded.
* * * LOW HITPOINT WARNING * * *
You feel sick. The adder bites you.
You die...

#.###.###.#
##.....## #...
#.........#
##<..## ####
#####.##### ##+##
#.# #.# #.# ..
#.# ...#
#.#########.....#
#.......@S.......
#############.###


You could see an adder.

Vanquished Creatures
  Terence (D:2)
  An adder (D:2)
  A dart slug (D:1)
  3 orcs (D:2)
  A bat (D:1)
  3 endoplasms (D:1)
  A giant cockroach (D:1)
  4 goblins
  4 hobgoblins
  3 quokkas (D:1)
  A ball python (D:1)
  3 frilled lizards
  A kobold (D:1)
  4 rats
31 creatures vanquished.

Notes
Turn   | Place    | Note
-------+----------+-------------------------------------------
     0 | D:1      | KennySheep the Barachi Transmuter began the quest for the
                  | Orb.
     0 | D:1      | Reached XP level 1. HP: 15/15 MP: 3/3
    57 | D:1      | Reached skill level 1 in Ice Magic
   165 | D:1      | Reached XP level 2. HP: 21/21 MP: 5/5
   253 | D:1      | Learned a level 2 spell: Wereblood
   900 | D:2      | Reached XP level 3. HP: 23/26 MP: 6/6
  1068 | D:2      | Noticed Terence
  1079 | D:2      | Killed Terence
  1080 | D:2      | Reached XP level 4. HP: 32/32 MP: 5/7
  1630 | D:2      | Learned a level 4 spell: Ice Form
  1709 | D:2      | Slain by an adder

Illustrated notes

Levels and vault maps discovered:
D:1:      spicycebolla_arrival_ecumenical, layout_basic
D:2:      layout_loops_corners, guppyfry_early_orc_mine, uniq_terence

Skill      XL: |  1  2  3 |
---------------+----------+-----
Ice Magic      | 1 3 |  3.2
Transmutations | 3 |  3.4
Fighting       | |  1.4
Dodging        | |  2.1
Unarmed Combat | |  3.3
Spellcasting   | |  2.1

Action                   |  1- 3 |  4- 6 || total
-------------------------+-------+-------++-------
Melee: Unarmed           |    91 |    28 ||   119
       Kick              |     1 |     3 ||     4
       Headbutt          |       |     2 ||     2
       Punch             |       |     2 ||     2
 Cast: Beastly Appendage |     2 |     3 ||     5
       Wereblood         |       |     2 ||     2
  Use: Potion            |     1 |     1 ||     2
 Stab: Sleeping          |     2 |       ||     2
Armor: Robe              |     9 |     9 ||    18
       Skin              |     6 |       ||     6
Dodge: Dodged            |    50 |    18 ||    68

Table legend: (Time is in decaauts)
 A = Elapsed time spent in this place.
 B = Non-inter-level travel time spent in this place.
 C = Inter-level travel time spent in this place.
 D = Time resting spent in this place.
 E = Time spent auto-exploring this place.
 F = Levels seen in this place.
 G = Mean time per level.
                   A        B        C        D        E       F      G
               +--------+--------+--------+--------+--------+-----+--------+
         Total |   1944 |   1899 |     45 |    138 |   1475 |   2 |  972.0 |
       Dungeon |   1944 |   1899 |     45 |    138 |   1475 |   2 |  972.0 |
               +--------+--------+--------+--------+--------+-----+--------+

Top non-repeatable levels by time:
     D:1: 1014 daAuts
     D:2: 929 daAuts
